 Dungeon Crawl Stone Soup version 0.31-a0-590-g8a5a4361df (webtiles) character file.

Game seed: 5487836814863108191

231 dialectric the Trooper (level 5, -2/47 HPs)
             Began as a Draconian Fighter on Aug 20, 2023.
             Succumbed to a scorpion's poison
             ... on level 4 of the Dungeon.
             The game lasted 00:02:44 (2955 turns).

dialectric the Trooper (Draconian Fighter)          Turns: 2955, Time: 00:02:44

Health: -2/47      AC:  5    Str: 21    XL:     5   Next: 72%
Magic:  5/5        EV: 12    Int:  8    God:
Gold:   140        SH:  0    Dex: 10    Spells: 4/4 levels left

rFire   . . .        a - +1 long sword
rCold   . . .        (no shield)
rNeg    . . .        (body armour unavailable)
rPois   .            (helmet restricted)
rElec   .            (no cloak)
rCorr   .            (no gloves)
SInv    .            (no boots)
Will    .....        (no amulet)
Stlth   ++           (no ring)
HPRegen 0.27/turn    (no ring)
MPRegen 0.09/turn

%: no passive effects
@: lethally poisoned (-2 -> -11)
A: AC +5, unfitting armour, cold-blooded
a: no special abilities


You were on level 4 of the Dungeon.
You visited 1 branch of the dungeon, and saw 4 of its levels.

You collected 140 gold pieces.

Inventory:

Hand Weapons
 a - a +1 long sword (weapon)
Missiles
 o - a throwing net
Armour
 b - a +0 buckler
Talismans
 g - a maw talisman
Wands
 d - a wand of flame (12)
Scrolls
 e - a scroll of noise
 j - a scroll of fear {unknown}
 l - a scroll of enchant armour {unknown}
 m - 2 scrolls of poison {unknown}
 n - a scroll of blinking {unknown}
Potions
 c - a potion of attraction {unknown}
 f - a potion of lignification {unknown}
 h - a potion of degeneration {unknown}
 k - a potion of brilliance {unknown}


   Skills:
 + Level 4.8 Fighting
 + Level 4.1 Long Blades
 + Level 3.4 Dodging
 + Level 1.4 Stealth
 - Level 3.0 Shields


You had 4 spell levels left.
You didn't know any spells.
Your spell library contained the following spells:

 Spells                   Type           Power      Damage    Failure   Level
 Summon Forest            Summ/Tloc      0%         N/A       100%        5
 Summon Mana Viper        Hex/Summ       0%         N/A       100%        5
 Summon Cactus Giant      Summ           0%         N/A       100%        6


Dungeon Overview and Level Annotations

Branches:
Dungeon (4/15)
 Temple: D:4-7

Altars:
Cheibriados
Ru
Uskayaw


Innate Abilities, Weirdness & Mutations

Your plain brown scales are hard. (AC +5)
You cannot fit into any form of body armour.
You are cold-blooded and may be slowed by cold attacks.


Message History

The adder is lightly wounded.
The adder bites you.
You are poisoned.
The adder poisons you!
You slash the adder!
The adder is almost dead.
You feel sick. The adder bites you. The adder bites you but does no damage.
You slash the adder!
You kill the adder!
You feel sick. The scorpion closely misses you.
You hit the scorpion.
The scorpion is lightly wounded.
You feel sick. The scorpion stings you.
* * * LOW HITPOINT WARNING * * *
You hit the scorpion.
The scorpion is moderately wounded.
You feel sick. The scorpion stings you.
* * * LOW HITPOINT WARNING * * *
You are lethally poisoned!
The scorpion poisons you!
The scorpion stings you but does no damage.
You feel better. The scorpion stings you.
* * * LOW HITPOINT WARNING * * *
You are poisoned.
The scorpion poisons you!
You slash the scorpion!
The scorpion is almost dead.
You feel sick. The scorpion stings you.
* * * LOW HITPOINT WARNING * * *
You are lethally poisoned!
The scorpion poisons you!
You closely miss the scorpion.
The scorpion is almost dead.
* * * LOW HITPOINT WARNING * * *
You feel very sick. The scorpion misses you. The scorpion stings you.
* * * LOW HITPOINT WARNING * * *
You closely miss the scorpion.
The scorpion is severely wounded.
You die...

.#:..........##..#
...........##...#
##.........##...#
#.........?...#
#.............#######
.....................
..................... .
...............#####....
###...........Js@.......
##.....).##.########..
.......####.#####...
.....#..##........#
......#.#...#######
.##.......# ## ........#
... ........# ######
#... #.......##......


You could see a scorpion and an endoplasm.

Vanquished Creatures
  An orc priest (D:3)
  An iguana (D:4)
  Ijyb (D:3)
  9 adders
  A worm (D:2)
  2 dart slugs (D:3)
  5 orcs (D:3)
  6 bats
  5 endoplasms
  3 giant cockroaches
  3 goblins
  4 hobgoblins
  4 kobolds
  2 quokkas
  4 ball pythons
  6 frilled lizards
  4 rats
61 creatures vanquished.

Notes
Turn   | Place    | Note
-------+----------+-------------------------------------------
     0 | D:1      | dialectric the Draconian Fighter began the quest for the
                  | Orb.
     0 | D:1      | Reached XP level 1. HP: 19/19 MP: 1/1
   275 | D:1      | Reached XP level 2. HP: 26/26 MP: 2/2
   593 | D:1      | Found a faded altar of an unknown god.
  1137 | D:2      | Reached XP level 3. HP: 14/33 MP: 3/3
  1679 | D:3      | Noticed Ijyb
  1697 | D:3      | Killed Ijyb
  1698 | D:3      | Reached XP level 4. HP: 13/40 MP: 4/4
  1868 | D:3      | Found a hide-covered altar of Uskayaw.
  1975 | D:3      | Reached skill level 1 in Stealth
  2088 | D:3      | Found a sacrificial altar of Ru.
  2427 | D:3      | Reached XP level 5. HP: 45/47 MP: 5/5
  2529 | D:3      | Found a snail-covered altar of Cheibriados.
  2954 | D:4      | HP: 1/47 [scorpion (4)]
  2955 | D:4      | Succumbed to a scorpion's poison

Illustrated notes

Levels and vault maps discovered:
D:1:      saegor_arrival_simple_a, layout_basic, shapermc_ecumenical_altar_venn
D:2:      layout_rooms, serial_curves, eino_curves_03, eino_curves_03,
          eino_curves_01, eino_curves_02
D:3:      layout_loops_ring, cheibriados_altar_1, nicolae_ru_awakened_eye,
          eat_drink_and_be_merry_uskayaw, uniq_ijyb
D:4:      layout_rooms, zin_statuary, kennysheep_big_empty_room,
          minmay_misc_feat_tiny

Skill      XL: |  1  2  3  4  5 |
---------------+----------------+-----
Fighting       | 4 |  4.8
Dodging        | 3 |  3.4
Long Blades    | 3 4 |  4.1
Stealth        | 1 |  1.4
Shields        | |  3.0

Action                     |  1- 3 |  4- 6 || total
---------------------------+-------+-------++-------
  Melee: Long sword        |   101 |   129 ||   230
         Tailslap          |    12 |    11 ||    23
         Punch             |     2 |       ||     2
    Use: Potion            |     3 |     2 ||     5
         Scroll            |     1 |     1 ||     2
   Stab: Sleeping          |       |     2 ||     2
 Armour: Skin              |    35 |    53 ||    88
  Dodge: Dodged            |    63 |   102 ||   165
  Block: Buckler           |     2 |       ||     2

Table legend: (Time is in decaauts)
 A = Elapsed time spent in this place.
 B = Non-inter-level travel time spent in this place.
 C = Inter-level travel time spent in this place.
 D = Time resting spent in this place.
 E = Time spent auto-exploring this place.
 F = Levels seen in this place.
 G = Mean time per level.
                   A        B        C        D        E       F      G
               +--------+--------+--------+--------+--------+-----+--------+
         Total |   3018 |   2977 |     41 |     39 |   2358 |   4 |  754.5 |
       Dungeon |   3018 |   2977 |     41 |     39 |   2358 |   4 |  754.5 |
               +--------+--------+--------+--------+--------+-----+--------+

Top non-repeatable levels by time:
     D:3: 1146 daAuts
     D:1: 1070 daAuts
     D:2: 638 daAuts
     D:4: 163 daAuts
